 Dungeon Crawl Stone Soup version 0.29-a0-275-g389c0b56f3 (webtiles) character file.

Game seed: 17098878580298485157

1815 pcat the Magician (level 8, -8/48 HPs)
             Began as a Deep Elf Conjurer on Mar 9, 2022.
             Killed from afar by Maggie (18 damage)
             ... with a bolt of fire
             ... on level 6 of the Dungeon.
             The game lasted 00:20:29 (8027 turns).

pcat the Magician (Deep Elf Conjurer)               Turns: 8027, Time: 00:20:29

Health: -8/48      AC:  3    Str:  4    XL:     8   Next: 85%
Magic:  2/21       EV: 12    Int: 26    God:
Gold:   439        SH:  4    Dex: 13    Spells: 13/22 levels left

rFire   . . .      SeeInvis .   f - +1 dagger (venom)
rCold   . . .      Faith    .   w - +1 buckler
rNeg    . . .      Spirit   .   a - +0 robe
rPois   .          Reflect  .   k - +0 helmet
rElec   .          Harm     .   (no cloak)
rCorr   .          Rampage  .   (no gloves)
Will    +....                   (no boots)
Stlth   ++........              h - amulet of the acrobat
HPRegen 0.16/turn               e - ring of willpower
MPRegen 0.17/turn               m - ring of wizardry

@: mesmerised, studying Transmutations
A: no striking features
a: no special abilities


You were on level 6 of the Dungeon.
You visited 2 branches of the dungeon, and saw 7 of its levels.
You also visited: Sewer and Ossuary.

You collected 439 gold pieces.

Inventory:

Hand Weapons
 f - a +1 dagger of venom (weapon)
Missiles
 q - 10 javelins
 E - 2 boomerangs
Armour
 a - a +0 robe (worn)
 k - a +0 helmet (worn)
 r - the +0 ring mail of Baldness {Int+7}
   (You found it on level 3 of the Dungeon)

   Int:       It affects your intelligence (+7).
 w - a +1 buckler (worn)
Jewellery
 e - a ring of willpower (left hand)
 h - an amulet of the acrobat (around neck)
 m - a ring of wizardry (right hand)
Wands
 d - a wand of polymorph (9)
 n - a wand of charming (12)
Scrolls
 s - 2 scrolls of immolation
 u - 3 scrolls of teleportation
 y - 2 scrolls of fear
Potions
 b - a potion of magic
 g - 5 potions of heal wounds
 i - a potion of resistance {unknown}
 l - a potion of degeneration {unknown}
 o - a potion of might
 p - 4 potions of flight
 x - a potion of cancellation {unknown}
 z - 5 potions of curing
 A - a potion of invisibility {unknown}
 B - a potion of berserk rage {unknown}
 C - 2 potions of mutation {unknown}


   Skills:
 + Level 4.3 Fighting
 + Level 3.4 Armour
 - Level 2.4 Dodging
 - Level 2.4 Stealth
 + Level 7.6 Spellcasting
 + Level 7.5 Conjurations
 + Level 4.9 Translocations


You had 13 spell levels left.
You knew the following spells:

 Your Spells              Type           Power      Damage    Failure   Level
a - Magic Dart            Conj           100%       1d8       1%          1
b - Searing Ray           Conj           98%        2d8       1%          2
c - Iskenderun's Mystic   Conj/Tloc      42%        2d10      2%          4
d - Blink                 Tloc           70%        N/A       1%          2

Your spell library contained the following spells:

 Spells                   Type           Power      Damage    Failure   Level
 Apportation              Tloc           70%        N/A       1%          1
 Conjure Flame            Conj/Fire      29%        6-21      1%          3
 Dazzling Flash           Conj/Hex       58%        N/A       1%          3
 Lesser Beckoning         Tloc           35%        N/A       1%          3
 Animate Skeleton         Necr           18%        N/A       3%          1
 Beastly Appendage        Tmut           18%        N/A       3%          1
 Slow                     Hex            36%        N/A       3%          1
 Summon Small Mammal      Summ           36%        N/A       3%          1
 Wereblood                Tmut           9%         N/A       4%          2
 Fulminant Prism          Conj/Hex       14%        3d9       7%          4
 Sticky Flame             Conj/Fire      29%        2d5       7%          4
 Confusing Touch          Hex            9%         N/A       10%         3
 Ignite Poison            Fire/Tmut/Pois 9%         N/A       10%         3
 Spider Form              Tmut/Pois      9%         N/A       10%         3
 Vampiric Draining        Necr           9%         2d6       10%         3
 Manifold Assault         Tloc           35%        N/A       12%         5


Dungeon Overview and Level Annotations

Branches:
Dungeon (6/15)             Temple (1/1) D:4           Sewer (visited)
Ossuary (visited)

Altars:
Ashenzari
Cheibriados
Dithmenos
Elyvilon
Fedhas
Gozag
Hepliaklqana
Kikubaaqudgha
Makhleb
Nemelex Xobeh
Okawaru
Qazlal
Ru
Sif Muna
Trog
Uskayaw
Wu Jian
Xom
Yredelemnul
Zin
The Shining One

Shops:
D:1 [   D:4 [

Annotations:
D:6 Maggie, Menkaure


Message History

The mystic blast hits the white imp.
The white imp is severely wounded.
The white imp is knocked back by the mystic blast.
The mystic blast hits Duvessa!
You kill Duvessa!
Unknown command.
Casting: Iskenderun's Mystic Blast (dangerous; 2% risk of failure)
Confirm with . or Enter, or press ? or * to list all spells.
You erupt in a blast of force!
The mystic blast hits Menkaure!
Menkaure is moderately damaged.
Menkaure is knocked back by the mystic blast.
The mystic blast hits Maggie!
Maggie is heavily wounded.
Maggie is knocked back by the mystic blast.
Maggie slams into the rock wall!
Unknown command.
Casting: Iskenderun's Mystic Blast (dangerous; 2% risk of failure)
Confirm with . or Enter, or press ? or * to list all spells.
You erupt in a blast of force!
The mystic blast hits the white imp!
You kill the white imp!
Unknown command.
Unknown command.
Unknown command.
Casting: Iskenderun's Mystic Blast (dangerous; 2% risk of failure)
Confirm with . or Enter, or press ? or * to list all spells.
You erupt in a blast of force!
The mystic blast hits Maggie!
Maggie is severely wounded.
Maggie is knocked back by the mystic blast.
Unknown command.
Unknown command.
Casting: Iskenderun's Mystic Blast (dangerous; 2% risk of failure)
Confirm with . or Enter, or press ? or * to list all spells.
Aiming: Magic Dart (safe; 1% risk of failure)
Press: ? - help, Shift-Dir - straight line, f - Maggie
Aim: Maggie, wielding a +2 broad axe of distortion and wearing +0 acid dragon scales (severely wounded, mesmerising, 100% to hit)
The magic dart hits Maggie.
Maggie is severely wounded.
Maggie gestures at you while chanting. The bolt of fire hits you!!
You die...

#..#.
.......
#....
.......
#....
.......
##)...
.......
.....
....... #...
....#
#..##....#
#.)@.....#
#.>#.....#
#@.#.....#
....#.....#
####.#.....#
#.+.....#
###.....#
#....$#
#.....#


You could see Maggie (mesmerising).

Vanquished Creatures
  Duvessa (D:6)
  2 ice beasts
  2 sky beasts (D:5)
  3 black bears
  An ogre (D:4)
  2 elf zombies (Ossuary)
  A necrophage (D:5)
  2 scorpions (D:5)
  Dowan (D:6)
  A howler monkey (D:5)
  2 jellies
  A hound (D:6)
  Jessica (D:2)
  2 iguanas (D:5)
  2 orc wizards (D:5)
  A merfolk siren (Sewer)
  A merfolk avatar (Sewer)
  3 mummies (Ossuary)
  Robin (D:2)
  5 adders
  4 gnolls (D:5)
  A river rat (Sewer)
  A white imp (D:6)
  An ufetubus (D:5)
  An adder zombie (Ossuary)
  3 worms
  6 dart slugs
  10 orcs
  5 bats
  8 endoplasms
  6 giant cockroaches
  13 goblins
  10 hobgoblins
  6 jackals
  6 quokkas
  8 ball pythons
  4 frilled lizards
  3 goblin zombies
  5 hobgoblin zombies (Ossuary)
  7 kobolds
  3 kobold zombies (Ossuary)
  4 quokka zombies (Ossuary)
  28 rats
  2 rat zombies
180 creatures vanquished.

Vanquished Creatures (others)
  3 plants (D:4)
3 creatures vanquished.

Grand Total: 183 creatures vanquished

Notes
Turn   | Place    | Note
-------+----------+-------------------------------------------
     0 | D:1      | pcat the Deep Elf Conjurer began the quest for the Orb.
     0 | D:1      | Reached XP level 1. HP: 10/10 MP: 6/6
   117 | D:1      | Reached XP level 2. HP: 16/16 MP: 4/8
   194 | D:1      | Found a faded altar of an unknown god.
   398 | D:1      | Reached skill level 1 in Fighting
   449 | D:1      | Learned a level 2 spell: Searing Ray
   720 | D:1      | You fall into a shaft and drop 1 floor!
   734 | D:2      | Noticed Jessica
   737 | D:2      | Killed Jessica
   738 | D:2      | Reached XP level 3. HP: 20/20 MP: 5/10
   740 | D:2      | Reached skill level 5 in Conjurations
   978 | D:2      | Reached XP level 4. HP: 25/25 MP: 9/12
  1269 | D:1      | Found Othreghinn's Armour Shop.
  1628 | D:2      | Noticed Robin
  1643 | D:2      | Killed Robin
  1704 | D:2      | Learned a level 4 spell: Iskenderun's Mystic Blast
  1707 | D:2      | Learned a level 2 spell: Blink
  2385 | D:3      | Noticed an ice beast
  2386 | D:3      | Identified the +0 ring mail of Baldness {Int+7}
  2399 | D:3      | HP: 1/26 [ice beast (14)]
  2405 | D:3      | Killed an ice beast
  2406 | D:3      | Reached skill level 5 in Spellcasting
  2406 | D:3      | Reached skill level 1 in Translocations
  2406 | D:3      | Reached XP level 5. HP: 2/30 MP: 0/14
  3238 | D:4      | Reached XP level 6. HP: 36/36 MP: 8/15
  3306 | D:4      | Noticed an ice beast
  3321 | D:4      | Killed an ice beast
  3447 | D:4      | Found Xeyrr's Antique Armour Boutique.
  3456 | D:4      | Reached skill level 1 in Armour
  3663 | D:4      | Found a sand-covered staircase.
  3685 | Ossuary  | Entered an ossuary
  3784 | Ossuary  | Reached XP level 7. HP: 35/40 MP: 0/17
  5144 | D:4      | Found a staircase to the Ecumenical Temple.
  5411 | D:5      | Entered Level 5 of the Dungeon
  5421 | D:5      | Found a glowing drain.
  5464 | Sewer    | Entered a sewer
  6436 | D:5      | Reached XP level 8. HP: 40/47 MP: 11/19
  7418 | Temple   | Entered the Ecumenical Temple
  8012 | D:6      | Noticed Duvessa
  8012 | D:6      | Noticed Dowan
  8013 | D:6      | Noticed Menkaure
  8013 | D:6      | Noticed Maggie
  8023 | D:6      | Killed Dowan
  8023 | D:6      | Killed Duvessa
  8027 | D:6      | Killed from afar by Maggie

Illustrated notes

Levels and vault maps discovered:
D:1:      dpeg_arrival_subterranean_lakeside_camping, layout_basic,
          serial_shops, shop, hellmonk_ecumenical_altar_arch_garden
D:2:      layout_basic, serial_bayou, serial_bayou_shore_b, serial_bayou_pond_e,
          serial_bayou_ford_a, serial_bayou_shore_b, uniq_robin, uniq_jessica
D:3:      layout_rooms
D:4:      layout_rooms, minmay_temple_entry_overgrown, enter_ossuary_4,
          serial_shops, nicolae_shop_advertising_works
          [nicolae_subvault_shop_adworks], minmay_bisected
D:5:      layout_basic, portal_sewer_entry_f, hangedman_decor_push,
          glass_columns_c, minmay_manual_mail
D:6:      layout_basic, uniq_menkaure, uniq_duvessa, uniq_maggie
Temple:   compressed_dpeg_circular_temple

Skill      XL: |  1  2  3  4  5  6  7  8 |
---------------+-------------------------+-----
Fighting       | 1 2 3 4 |  4.3
Spellcasting   | 4 5 6 7 |  7.6
Conjurations   | 5 6 7 |  7.5
Translocations | 1 2 3 4 |  4.9
Armour         | 1 2 3 |  3.4
Dodging        | |  2.4
Stealth        | |  2.4

Action                   |  1- 3 |  4- 6 |  7- 9 || total
-------------------------+-------+-------+-------++-------
Melee: Dagger            |     4 |     9 |   197 ||   210
 Cast: Magic Dart        |    53 |   107 |    93 ||   253
       Searing Ray       |       |    15 |    20 ||    35
       Iskenderun's Myst |       |     1 |    13 ||    14
  Use: Scroll            |       |       |    10 ||    10
       Potion            |       |       |     1 ||     1
 Stab: Sleeping          |       |       |     1 ||     1
Armor: Robe              |     1 |     7 |    31 ||    39
Dodge: Dodged            |    10 |    39 |   132 ||   181
Block: Buckler           |       |       |    46 ||    46

Table legend: (Time is in decaauts)
 A = Elapsed time spent in this place.
 B = Non-inter-level travel time spent in this place.
 C = Inter-level travel time spent in this place.
 D = Time resting spent in this place.
 E = Time spent auto-exploring this place.
 F = Levels seen in this place.
 G = Mean time per level.
                   A        B        C        D        E       F      G
               +--------+--------+--------+--------+--------+-----+--------+
         Total |   8129 |   7813 |    316 |   2093 |   3728 |   9 |  903.2 |
       Dungeon |   6072 |   5757 |    315 |   1118 |   3605 |   6 | 1012.0 |
        Temple |    124 |    124 |      0 |      0 |     55 |   1 |  124.0 |
         Sewer |    730 |    730 |      0 |    208 |     67 |   1 |  730.0 |
       Ossuary |   1202 |   1202 |      0 |    767 |      0 |   1 | 1202.0 |
               +--------+--------+--------+--------+--------+-----+--------+

Top non-repeatable levels by time:
     D:5: 1748 daAuts
 Ossuary: 1202 daAuts
     D:2: 1199 daAuts
     D:1: 1117 daAuts
     D:4: 1070 daAuts
     D:3: 907 daAuts
   Sewer: 730 daAuts
  Temple: 124 daAuts
     D:6: 28 daAuts
